AoeStats
← ogipochi_

Arena

505570641Analyzed
4v4 RM · 23d ago on Sep 10, 2026· 49m 14s· 8 players
Game mode
Random Map
Map size
Large (8 player)
Population
200
Speed
Normal
Resources
Standard
Victory
Conquest
Starting age
Dark Age
Ending age
Imperial Age
RankedLock teamsTeams togetherTeam positionsShared explorationLock speedFull tech treeHidden civsTurbo modeCheats
Victory
Defeat
🇬🇧 Lithuanians · United Kingdom
896
+12
🇧🇷 Chinese · Brazil
889
+12
🇨🇦 Saracens · Canada
873
+13
🇨🇦 Franks · Canada
848
+14
🇨🇴 Teutons · Colombia
857
-16
🇯🇵 Persians · Japan
805
-13
🇨🇳 Byzantines · China
772
-11
🇺🇸 Sicilians · United States
770
-11
ogipochi_
10:09 Feudal Age
8:25 Loom
11:26 Wheelbarrow
10:37 Double-Bit Axe
10:44 Gold Mining
10:45 Stone Mining
10:41 Horse Collar
17:50 Castle Age
16:56 Bloodlines
17:04 Forging
17:57 Scale Barding Armor
19:18 Bow Saw
27:58 Hand Cart
28:20 Iron Casting
shabolobodingdong
11:22 Feudal Age
14:04 Loom
16:56 Castle Age
26:10 Pikeman
30:32 Gambesons
30:34 Arson
37:31 Imperial Age
36:36 Squires
38:15 Stone Mining
39:01 Halberdier
JHON WICK 4
9:52 Feudal Age
9:05 Loom
13:51 Fletching
19:55 Double-Bit Axe
22:59 Castle Age
22:50 Gold Mining
22:51 Stone Mining
25:49 Horse Collar
29:10 Wheelbarrow
36:02 Imperial Age
34:15 Sanctity
33:56 Atonement
38:52 Scale Mail Armor
45:46 Chain Mail Armor
Osas
12:02 Feudal Age
13:46 Double-Bit Axe
13:45 Horse Collar
21:16 Castle Age
21:58 Wheelbarrow
23:38 Scale Barding Armor
23:47 Forging
24:27 Bow Saw
24:09 Gold Mining
27:07 Gold Shaft Mining
34:29 Chain Barding Armor
34:16 Squires
40:30 Imperial Age
39:41 Iron Casting
44:15 Imperial Age
47:50 Heavy Camel Rider
mathdevils
0:31 Loom
14:07 Feudal Age
26:57 Gold Mining
30:12 Castle Age
33:18 Caravan
33:49 Coinage
33:34 Squires
32:55 Pikeman
33:22 Arson
33:58 Husbandry
mouche Qc
12:22 Feudal Age
19:22 Castle Age
19:53 Horse Collar
20:00 Double-Bit Axe
25:02 Wheelbarrow
31:59 Imperial Age
29:48 Hand Cart
29:21 Town Watch
30:49 Heavy Plow
31:02 Bow Saw
32:09 Husbandry
32:20 Bloodlines
32:09 Elite Mameluke
34:57 Forging
34:53 Scale Barding Armor
35:21 Capped Ram
36:40 Siege Ram
38:27 Conscription
38:23 Heavy Camel Rider
44:06 Counterweights
49:23 Chemistry
48:44 Ballistics
48:46 Spies/Treason
neethgiE
9:15 Loom
11:01 Feudal Age
12:11 Man-at-Arms
17:49 Castle Age
17:46 Double-Bit Axe
17:53 Stone Mining
27:21 Bow Saw
35:21 Imperial Age
32:43 Horse Collar
35:53 Husbandry
36:04 Bloodlines
36:33 Conscription
37:19 Chemistry
37:44 Scale Barding Armor
37:49 Forging
39:03 Cavalier
40:22 Fortified Wall
40:56 Block Printing
48:31 Wheelbarrow
48:47 Caravan
jenksulivan
0:34 Loom
13:25 Feudal Age
17:24 Castle Age
15:44 Double-Bit Axe
18:25 Wheelbarrow
25:31 Stone Mining
25:32 Gold Mining
28:42 Hand Cart
31:30 Imperial Age
29:37 Man-at-Arms
30:19 Squires
31:08 Forging
30:58 Scale Mail Armor
31:40 Capped Ram
32:58 Iron Casting
32:50 Bow Saw
33:16 Gold Shaft Mining
33:17 Stone Shaft Mining
32:53 Siege Ram
33:08 Elite Fire Lancer
35:14 Chemistry
34:29 Horse Collar
34:31 Long Swordsman
35:37 Two-Handed Swordsman
37:24 Blast Furnace
36:39 Chain Mail Armor
36:50 Champion
37:37 Fletching
37:47 Padded Archer Armor
38:44 Pikeman
39:10 Arson
39:57 Plate Mail Armor
40:05 Halberdier
43:02 Bodkin Arrow
43:23 Leather Archer Armor
43:12 Heavy Plow
44:18 Two-Man Saw
Connection lost

Rejoining the realm…

Still unreachable

The connection could not be restored.

Session expired

The server has moved on; the page needs a fresh start.